[Event "Team 45 45 League T49"]
[Site "Internet Chess Club"]
[Date "2011.05.16"]
[Round "1"]
[White "Epcot"]
[Black "playwaycool"]
[Result "1/2-1/2"]
[WhiteElo "1861"]
[BlackElo "2061"]
[Opening "QGD Slav: 4.e3"]
[ECO "D11"]
[Time "22:07:46"]
[TimeControl "2700+45"]

1. d4 d5 2. c4 c6 3. Nf3 Nf6 4. e3 e6 5. b3 Nbd7 6. Bb2 Ne4 7. Bd3 Bb4+ 8. Nbd2
Nxd2 9. Nxd2 O-O 10. O-O b6 11. a3 Be7 12. e4 dxe4 13. Bxe4 Bb7 14. Qc2 h6 15.
Rad1 Qc7 16. Rfe1 Rad8 17. b4 c5 18. Bxb7 Qxb7 19. d5 cxb4 20. dxe6 Nc5 21.
exf7+ Rxf7 22. Nb3 Rxd1 23. Rxd1 Nxb3 24. Qxb3 bxa3 25. Bxa3 Bxa3 26. Qxa3 Qc7
27. Qd3 Qc5 28. Qe2 Qe7 29. Qc2 Rf6 30. g3 Rd6 31. Rxd6 Qxd6 32. Qe4 a5 33. Kg2
Qc7 34. h4 Kf8 35. h5 Qc5 36. g4 Qb4 37. Qf4+ Kg8 38. Qb8+ Kh7 39. Qf4 Kg8 40.
Qb8+ Kh7 41. Qf4 Kg8 {Game drawn by repetition} 1/2-1/2

[Event "Team 45 45 League T49"]
[Site "Internet Chess Club"]
[Date "2011.05.13"]
[Round "1"]
[White "saychess"]
[Black "CamLeslie"]
[Result "1-0"]
[WhiteElo "2084"]
[BlackElo "1992"]
[Opening "Sicilian: Hungarian variation"]
[ECO "B27"]
[Time "19:02:00"]
[TimeControl "2700+45"]

1. e4 c5 2. Nf3 g6 3. d4 cxd4 4. Qxd4 Nf6 5. Nc3 Nc6 6. Qa4 Bg7 7. e5 Ng8 8. Bf4
f6 9. exf6 Nxf6 10. Bc4 Qa5 11. Qxa5 Nxa5 12. Bd3 O-O 13. O-O d6 14. Bd2 Nc6 15.
Nb5 Ne8 16. Rae1 a6 17. Nc3 e6 18. Na4 Nc7 19. Nb6 Rb8 20. c3 e5 21. Bc4+ Kh8
22. Ng5 Na5 23. Nf7+ Kg8 24. Nxd6+ Nxc4 25. Ndxc4 Bf5 26. Nxe5 Rfe8 27. Nf3 Bd3
28. Rxe8+ Rxe8 29. Re1 Rxe1+ 30. Nxe1 Bf5 31. Nc4 Be6 32. Nd6 b5 33. b3 Nd5 34.
c4 bxc4 35. bxc4 Nc3 36. Bxc3 Bxc3 37. Nd3 Kf8 38. Nc5 Bg8 39. Nxa6 Be5 40. c5
Bxa2 41. Nb4 Bb1 42. Kf1 Bxd6 43. cxd6 Ke8 44. Nd5 Kd7 45. Nf6+ Kxd6 46. Nxh7
Ke5 47. Ng5 Kf4 48. Nh3+ Kg4 49. f3+ Kf5 50. Kf2 Ke5 51. Ke3 Bf5 52. g4 Bb1 53.
f4+ Kf6 54. Nf2 Bc2 55. h4 Bb1 56. Ne4+ Ke6 57. Ng3 Kf6 58. g5+ Kg7 59. h5 gxh5
60. Nxh5+ Kg6 61. Ng3 Bc2 62. Kd4 Bb1 63. Ke5 Bc2 64. Ne4 Bb1 65. f5+ Kg7 66.
Nc5 Ba2 67. Ne6+ Kf7 68. g6+ Kg8 69. f6 {Black resigns} 1-0

[Event "Team 45 45 League T49"]
[Site "Internet Chess Club"]
[Date "2011.05.14"]
[Round "1"]
[White "Camden772"]
[Black "carokantor"]
[Result "1-0"]
[WhiteElo "1819"]
[BlackElo "1909"]
[Opening "Caro-Kann: anti-anti-Caro-Kann defense"]
[ECO "B10"]
[Time "22:25:54"]
[TimeControl "2700+45"]

1. e4 c6 2. c4 d5 3. cxd5 cxd5 4. exd5 Qxd5 5. Nc3 Qd8 6. d4 e6 7. Nf3 Nf6 8.
Bc4 Be7 9. O-O O-O 10. Re1 a6 11. Bb3 Nbd7 12. Bf4 Bb4 13. a3 Ba5 14. Bc2 Bc7
15. Bxc7 Qxc7 16. Ne5 Rd8 17. Qf3 Nb6 18. Rad1 Nbd5 19. Qh3 Nf4 20. Qh4 Ng6 21.
Bxg6 hxg6 22. Re3 b5 23. Rh3 Kf8 24. Qh8+ Ng8 25. Nxg6+ fxg6 26. Rf3+ Ke7 27.
Qxg7+ Kd6 28. Ne4+ Kc6 29. Rc1+ {Black resigns} 1-0

[Event "Team 45 45 League T49"]
[Site "Internet Chess Club"]
[Date "2011.05.12"]
[Round "1"]
[White "McKnights"]
[Black "L0-VE"]
[Result "1-0"]
[WhiteElo "1923"]
[BlackElo "1812"]
[Opening "Caro-Kann: exchange variation"]
[ECO "B13"]
[Time "21:00:57"]
[TimeControl "2700+45"]

1. e4 c6 2. d4 d5 3. exd5 cxd5 4. Nf3 Nc6 5. Bb5 Nf6 6. Nc3 a6 7. Bxc6+ bxc6 8.
O-O Bg4 9. Qd3 e6 10. Bg5 Bd6 11. Rfe1 h6 12. Bxf6 Qxf6 13. Ne5 Bf5 14. Qe2 Qh4
15. Rad1 f6 16. g3 Qxg3+ 17. hxg3 {Black resigns} 1-0

[Event "Team 45 45 League T49"]
[Site "Internet Chess Club"]
[Date "2011.05.14"]
[Round "1"]
[White "SlimeDog2"]
[Black "filiusdextris"]
[Result "1-0"]
[WhiteElo "2045"]
[BlackElo "2100"]
[Opening "Modern defense"]
[ECO "A40"]
[Time "19:00:51"]
[TimeControl "2700+45"]

1. d4 g6 2. Nf3 Bg7 3. c4 d6 4. g3 e5 5. Nc3 Nc6 6. d5 Nce7 7. Bg2 f5 8. e4 Nf6
9. Bg5 O-O 10. Qd2 a6 11. O-O b5 12. cxb5 axb5 13. b4 Bb7 14. Rfd1 Qd7 15. Bh3
Qe8 16. Nh4 fxe4 17. Be6+ Kh8 18. Qe2 Ra3 19. Nxb5 Ba6 20. Qb2 Qxb5 21. Qxa3
Nexd5 22. Bxd5 Nxd5 23. Rxd5 Qxd5 24. Qxa6 Qd4 25. Rf1 Qxb4 26. Qc6 Qa5 27. a4
d5 28. Rc1 d4 29. Qxe4 Qxa4 30. Rxc7 Qa5 31. Rb7 Qa8 32. Bh6 Rf7 33. Rxf7 Qxe4
34. Rxg7 Qe1+ 35. Kg2 Qe4+ 36. Nf3 Qd5 37. Re7 Kg8 38. Rxe5 Qb7 39. g4 Kf7 40.
Kg3 Kf6 41. Bg5+ Kf7 42. Re7+ {Black resigns} 1-0

[Event "Team 45 45 League T49"]
[Site "Internet Chess Club"]
[Date "2011.05.16"]
[Round "1"]
[White "mickeys"]
[Black "chsrules88"]
[Result "1-0"]
[WhiteElo "1975"]
[BlackElo "2018"]
[Opening "Queen's pawn game, Chigorin variation"]
[ECO "D02"]
[Time "17:00:26"]
[TimeControl "2700+45"]

1. d4 d5 2. Nf3 Nc6 3. Bf4 Nf6 4. e3 Bf5 5. c3 e6 6. Bd3 Bxd3 7. Qxd3 Bd6 8.
Bxd6 Qxd6 9. Nbd2 O-O 10. O-O h6 11. e4 dxe4 12. Nxe4 Nxe4 13. Qxe4 Rfe8 14.
Rfd1 Rad8 15. Qc2 Qd5 16. b3 a5 17. c4 Qh5 18. Qc3 e5 19. d5 e4 20. dxc6 exf3
21. cxb7 fxg2 22. Rxd8 Rxd8 23. Qe3 Rd1+ 24. Rxd1 Qxd1+ 25. Kxg2 Qg4+ 26. Qg3
Qe4+ 27. Qf3 Qg6+ 28. Kh3 Qb6 29. Qd5 Kh7 30. Qf5+ {Black resigns} 1-0

[Event "Team 45 45 League T49"]
[Site "Internet Chess Club"]
[Date "2011.05.15"]
[Round "1"]
[White "LobowolfXXX"]
[Black "VietLion"]
[Result "1/2-1/2"]
[WhiteElo "1898"]
[BlackElo "1955"]
[Opening "Sicilian: Canal-Sokolsky attack, 3...Bd7"]
[ECO "B52"]
[Time "16:30:52"]
[TimeControl "2700+45"]

1. e4 c5 2. Nf3 d6 3. Bb5+ Bd7 4. Bxd7+ Nxd7 5. d4 cxd4 6. Qxd4 Ngf6 7. Nc3 g6
8. O-O Bg7 9. Be3 O-O 10. Qd2 Ng4 11. Bf4 Nde5 12. Nxe5 Nxe5 13. Bh6 Nc4 14. Qd5
Bxh6 15. Qxc4 Qd7 16. Rad1 Rfc8 17. Qb3 Rc5 18. Nd5 Bg7 19. c3 Rac8 20. Rd2 Kf8
21. Rfd1 b6 22. Qc2 Qg4 23. h3 Qh4 24. Qd3 Rc4 25. Re2 Be5 26. Rf1 e6 27. f4
exd5 28. fxe5 dxe4 29. Qxd6+ Qe7 30. Qd5 Qc5+ 31. Qxc5+ R8xc5 32. e6 f5 33. b3
Rxc3 34. Rxe4 Ke7 35. Ra4 a5 36. Re1 Rc1 37. Rxc1 Rxc1+ 38. Kf2 Kxe6 39. Rh4
Rc2+ 40. Kf3 Rxa2 41. Rxh7 Ra3 42. Kf4 Rxb3 43. Rc7 a4 44. Rc6+ Kf7 45. Rc7+ Ke6
46. Rc6+ Kd5 47. Rxg6 a3 48. Rg8 Rb1 49. Ra8 Ra1 50. Kxf5 a2 51. Kg6 Kc4 52. h4
Kb3 53. Rb8 Rg1 54. Rxb6+ Kc4 55. Ra6 a1=Q 56. Rxa1 Rxa1 57. g4 Kd5 58. h5 Ke5
59. h6 Ra6+ 60. Kg7 Ra7+ 61. Kg6 Ra6+ 62. Kg7 Kf4 63. h7 Kg5 64. h8=Q Ra7+ 65.
Kf8 Ra8+ 66. Kg7 Rxh8 67. Kxh8 Kxg4 {Game drawn because neither player has
mating material} 1/2-1/2

[Event "Team 45 45 League T49"]
[Site "Internet Chess Club"]
[Date "2011.05.13"]
[Round "1"]
[White "IceBox"]
[Black "justice02"]
[Result "1-0"]
[WhiteElo "1766"]
[BlackElo "1704"]
[Opening "Caro-Kann defense"]
[ECO "B11"]
[Time "16:01:17"]
[TimeControl "2700+45"]

1. e4 c6 2. Nc3 Qa5 3. Bc4 Nf6 4. d3 d5 5. e5 Ng4 6. Bb3 d4 7. e6 Qe5+ 8. Ne4
Bxe6 9. Nf3 Qa5+ 10. Bd2 Qb6 11. Bxe6 fxe6 12. Nfg5 Nf6 13. Nxe6 Nbd7 14. Nxf6+
Nxf6 15. O-O c5 16. Qe2 Rc8 17. Rae1 Kf7 18. f4 Qd6 19. f5 h5 20. Bf4 Qd7 21. h3
Rc6 22. c4 dxc3 23. bxc3 Nd5 24. Be5 Rh6 25. Qf2 b6 26. Qg3 Nf6 27. Bf4 h4 28.
Qf3 Rh5 29. Qxc6 Qxd3 30. Qc8 Ne8 31. Rd1 Qxf5 32. Bc1 {Black resigns} 1-0

[Event "Team 45 45 League T49"]
[Site "Internet Chess Club"]
[Date "2011.05.15"]
[Round "1"]
[White "cepheid"]
[Black "andrew32"]
[Result "0-1"]
[WhiteElo "1623"]
[BlackElo "1608"]
[Opening "Sicilian: Alapin's variation (2.c3)"]
[ECO "B22"]
[Time "11:00:53"]
[TimeControl "2700+45"]

1. e4 c5 2. c3 Nf6 3. e5 Nd5 4. d4 cxd4 5. cxd4 d6 6. Nf3 Nc6 7. Bc4 Nb6 8. Bb5
Bd7 9. Nc3 e6 10. O-O Be7 11. Bf4 dxe5 12. dxe5 Qc7 13. Re1 O-O 14. Rc1 Bb4 15.
a3 Bxc3 16. bxc3 Nd5 17. Bg3 Rad8 18. c4 Nde7 19. Bh4 Bc8 20. Qc2 Nd4 21. Qe4
Nxf3+ 22. Qxf3 a6 23. Ba4 Rd4 24. Bxe7 Qxe7 25. Qc3 Rfd8 26. Rcd1 Qc5 27. Rxd4
Rxd4 28. Qe3 Rxc4 29. Qxc5 Rxc5 30. Rd1 g6 31. Rd8+ Kg7 32. f4 b5 33. Bd1 Bb7
34. Kf2 Bd5 35. Rd6 Rc6 36. Rxc6 Bxc6 37. g3 f6 38. Ke3 fxe5 39. fxe5 Kf7 40.
Kd4 Ke7 41. Kc5 Bd5 42. Kb6 Bc4 43. Kxa6 b4+ 44. Ka5 bxa3 45. Kb4 a2 46. Kxc4
a1=Q {White resigns} 0-1

[Event "Team 45 45 League T49"]
[Site "Internet Chess Club"]
[Date "2011.05.14"]
[Round "1"]
[White "Andressa"]
[Black "Gilguli"]
[Result "0-1"]
[WhiteElo "1474"]
[BlackElo "1464"]
[Opening "Four knights: Italian variation"]
[ECO "C47"]
[Time "09:09:28"]
[TimeControl "2700+45"]

1. e4 e5 2. Nf3 Nf6 3. Nc3 Nc6 4. Bc4 Bb4 5. d3 O-O 6. O-O d6 7. a3 Ba5 8. Nd5
Nxd5 9. Bxd5 Ne7 10. Ba2 Be6 11. Bxe6 fxe6 12. b4 Bb6 13. c4 Ng6 14. Bg5 Qe8 15.
Rc1 h6 16. Bd2 a6 17. g3 Qf7 18. Kg2 Qe7 19. Be3 Rf6 20. Bxb6 cxb6 21. d4 Raf8
22. Rc3 Qf7 23. Qe2 exd4 24. Nxd4 Ne5 25. f4 Kh7 26. Rcc1 Nd7 27. Rcd1 Qg6 28.
f5 exf5 29. exf5 Qf7 30. b5 Nc5 31. bxa6 bxa6 32. Rde1 d5 33. cxd5 Qxd5+ 34. Nf3
Rxf5 35. Rd1 Qc6 36. g4 R5f6 37. Kg3 Ne4+ 38. Kg2 Ng5 39. Rd3 Nxf3 40. Rdxf3
Rxf3 41. Rxf3 Qxf3+ 42. Qxf3 Rxf3 43. Kxf3 Kg6 44. Ke3 Kg5 45. h3 Kh4 {White
resigns} 0-1

[Event "Team 45 45 League T49"]
[Site "Internet Chess Club"]
[Date "2011.05.13"]
[Round "1"]
[White "KyleMayhugh"]
[Black "Juan73"]
[Result "1-0"]
[WhiteElo "1423"]
[BlackElo "1703"]
[Opening "Evans gambit"]
[ECO "C51"]
[Time "20:15:33"]
[TimeControl "2700+45"]

1. e4 e5 2. Nf3 Nc6 3. Bc4 Bc5 4. b4 Bxb4 5. c3 Bc5 6. d4 exd4 7. cxd4 Bb4+ 8.
Bd2 Qe7 9. O-O Bxd2 10. Nbxd2 d6 11. Qb3 Rb8 12. e5 dxe5 13. dxe5 Be6 14. Rad1
Bxc4 15. Qxc4 Qb4 16. Qc2 Nge7 17. Ne4 O-O 18. Neg5 Ng6 19. e6 f6 20. Ne4 Rfe8
21. Nc5 Nf4 22. Rfe1 Nxg2 23. Re4 Qa5 24. Ra4 Nb4 25. Qc4 b5 26. Qxb4 Qb6 27.
Ra6 Qxa6 28. Nxa6 Rb6 29. Nxc7 {Black resigns} 1-0

[Event "Team 45 45 League T49"]
[Site "Internet Chess Club"]
[Date "2011.05.14"]
[Round "1"]
[White "j316chuck"]
[Black "makramkozman"]
[Result "0-1"]
[WhiteElo "1669"]
[BlackElo "1526"]
[Opening "Caro-Kann: exchange variation"]
[ECO "B13"]
[Time "23:24:06"]
[TimeControl "2700+45"]

1. e4 c6 2. d4 d5 3. exd5 cxd5 4. Bd3 Nf6 5. c3 g6 6. Nd2 Bg7 7. Ne2 Nc6 8. Nb3
O-O 9. h3 e5 10. Be3 Re8 11. Qd2 Bf5 12. Bxf5 gxf5 13. Bg5 h6 14. Bxh6 Ne4 15.
Qc1 Nxf2 16. Kxf2 Qh4+ 17. g3 Qxh6 18. Qxh6 Bxh6 19. Rad1 e4 20. Nf4 Rad8 21.
Ng2 b6 22. Ke2 Re6 23. Rhf1 Rg6 24. Rxf5 Rxg3 25. Nh4 Bg5 26. Nf3 exf3+ 27. Kf2
Bh4 28. Rxf3 Rxh3+ 29. Kg2 Rxf3 30. Kxf3 Re8 31. Rg1+ Kf8 32. Rh1 Bf6 33. a4 Na5
34. Nxa5 bxa5 35. Rh5 Rd8 36. b3 Ke7 37. c4 Ke6 38. c5 Bxd4 {White resigns} 0-1

[Event "Team 45 45 League T49"]
[Site "Internet Chess Club"]
[Date "2011.05.13"]
[Round "1"]
[White "kid6988"]
[Black "mrneale"]
[Result "1-0"]
[WhiteElo "1659"]
[BlackElo "1375"]
[Opening "Sicilian: accelerated fianchetto, modern variation"]
[ECO "B34"]
[Time "21:01:53"]
[TimeControl "2700+45"]

1. e4 c5 2. Nf3 Nc6 3. d4 cxd4 4. Nxd4 g6 5. Nc3 Bg7 6. Be3 a6 7. Bc4 e6 8. O-O
Nge7 9. Bb3 O-O 10. Qd2 Re8 11. Rad1 e5 12. Nxc6 Nxc6 13. Nd5 b5 14. Bb6 Qh4 15.
Nc7 Nd4 16. Bxd4 exd4 17. Nxe8 Be5 18. g3 Qe7 19. f4 Bb8 20. Bd5 Ra7 21. Qxd4
Qxe8 22. Qf6 Rc7 23. c3 Ba7+ 24. Kg2 d6 25. Qxd6 Rc4 26. Qe5 Qxe5 27. fxe5 Rc7
28. Bxf7+ Kg7 29. e6 Re7 30. Rd8 Bxe6 31. Bxe6 Bb6 32. Rd7 Bc5 33. Rxe7+ Bxe7
34. Rf7+ Kh6 35. Rxe7 a5 36. Kf3 b4 37. c4 a4 38. c5 b3 39. axb3 a3 40. bxa3 Kg5
41. c6 Kf6 42. c7 Kxe7 43. c8=Q Kf6 44. Kf4 g5+ 45. Kg4 h5+ 46. Kxh5 Ke5 47.
Kxg5 Kxe4 48. Qd8 Ke3 49. Qd5 Ke2 50. Qd4 Kf3 51. Bd7 Ke2 52. Qc3 Kf2 53. Qd3
Ke1 54. Qc2 Kf1 55. Kf4 Kg1 56. Kf3 Kh1 57. Qg2# {Black checkmated} 1-0

[Event "Team 45 45 League T49"]
[Site "Internet Chess Club"]
[Date "2011.05.13"]
[Round "1"]
[White "pestka"]
[Black "Chatica"]
[Result "1/2-1/2"]
[WhiteElo "2328"]
[BlackElo "2157"]
[Opening "Dutch, Von Pretzel gambit"]
[ECO "A80"]
[Time "23:22:00"]
[TimeControl "2700+45"]

1. d4 f5 2. Qd3 e6 3. g4 fxg4 4. h3 g3 5. fxg3 Nf6 6. Nc3 Nc6 7. e4 d5 8. e5 Ne4
9. Nge2 Nxc3 10. bxc3 Be7 11. Qf3 g6 12. h4 Rf8 13. Qd3 Rf7 14. Bh3 Qd7 15. h5
g5 16. h6 Kd8 17. Bg4 Na5 18. Bh5 Qe8 19. g4 Bd7 20. Bxf7 Qxf7 21. Rf1 Qg8 22.
a4 Nc4 {Game drawn by mutual agreement} 1/2-1/2

[Event "Team 45 45 League T49"]
[Site "Internet Chess Club"]
[Date "2011.05.17"]
[Round "1"]
[White "Gregorio"]
[Black "eurander"]
[Result "1/2-1/2"]
[WhiteElo "1951"]
[BlackElo "2111"]
[Opening "English: ultra-symmetrical variation"]
[ECO "A36"]
[Time "18:14:41"]
[TimeControl "2700+45"]

1. c4 c5 2. g3 g6 3. Bg2 Bg7 4. Nc3 Nc6 5. h4 e6 6. Ne4 Qe7 7. d3 Nf6 8. Bg5 h6
9. Nxf6+ Bxf6 10. Bxf6 Qxf6 11. Qd2 b6 12. Nh3 Bb7 13. Nf4 O-O-O 14. O-O-O g5
15. hxg5 hxg5 16. Nh3 Rhg8 17. e3 d5 18. cxd5 Nb4 19. a3 Nxd5 20. e4 Ne7 21. f4
gxf4 22. Nxf4 Qg5 23. Rh3 e5 24. Ne2 Rxd3 25. Qxg5 Rxd1+ 26. Kxd1 Rxg5 27. Rh7
Kd7 28. Rxf7 Ke6 29. Rf8 Nc6 30. Bh3+ Ke7 31. Rh8 Rg7 32. Bf5 Ba6 33. Nc3 Rxg3
34. Nd5+ Kf7 35. Rh7+ Rg7 36. Be6+ Kg6 37. Bf5+ Kf7 38. Be6+ Kg6 39. Bf5+ Kf7
40. Be6+ {Game drawn by repetition} 1/2-1/2

[Event "Team 45 45 League T49"]
[Site "Internet Chess Club"]
[Date "2011.05.15"]
[Round "1"]
[White "mitus"]
[Black "kabindra"]
[Result "1-0"]
[WhiteElo "1829"]
[BlackElo "1792"]
[Opening "Ruy Lopez: closed (10...c5)"]
[ECO "C96"]
[Time "11:01:06"]
[TimeControl "2700+45"]

1. e4 e5 2. Nf3 Nc6 3. Bb5 a6 4. Ba4 Nf6 5. O-O Be7 6. Re1 b5 7. Bb3 d6 8. c3
O-O 9. h3 Na5 10. Bc2 c5 11. d4 cxd4 12. cxd4 Qc7 13. b3 Bb7 14. Bb2 Rac8 15.
Bd3 Nc6 16. a3 Nxd4 17. Nxd4 exd4 18. Bxd4 Qc1 19. Qxc1 Rxc1 20. Rxc1 Nh5 {Black
resigns} 1-0

[Event "Team 45 45 League T49"]
[Site "Internet Chess Club"]
[Date "2011.05.16"]
[Round "1"]
[White "zbence"]
[Black "MarkNY"]
[Result "1-0"]
[WhiteElo "1839"]
[BlackElo "1667"]
[Opening "Sicilian: dragon variation"]
[ECO "B70"]
[Time "21:56:45"]
[TimeControl "2700+45"]

1. e4 c5 2. Nf3 d6 3. d4 cxd4 4. Nxd4 Nf6 5. Nc3 g6 6. Bd3 Bg7 7. f3 O-O 8. Be3
Bd7 9. Qd2 Nc6 10. O-O-O Rc8 11. Kb1 Ne5 12. h4 Nc4 13. Bxc4 Rxc4 14. g4 h5 15.
g5 Ne8 16. Nb3 Qb8 17. Bd4 Nc7 18. Bxg7 Kxg7 19. Qd3 Be6 20. Nd5 Bxd5 21. exd5
Rf4 22. Qe3 Rf5 23. Qe4 Na6 24. f4 Rc8 25. Nd4 Nc5 26. Nxf5+ gxf5 27. Qxf5 Qc7
28. Rhg1 e6 29. Qf6+ Kf8 30. g6 Ne4 31. g7+ Kg8 32. Qh6 Qxc2+ 33. Ka1 f6 34.
dxe6 Nf2 35. Qh8# {Black checkmated} 1-0

[Event "Team 45 45 League T49"]
[Site "Internet Chess Club"]
[Date "2011.05.16"]
[Round "1"]
[White "DTK"]
[Black "Stryker672"]
[Result "1-0"]
[WhiteElo "2224"]
[BlackElo "1973"]
[Opening "Ruy Lopez: classical defense, 4.c3"]
[ECO "C64"]
[Time "12:00:58"]
[TimeControl "2700+45"]

1. e4 e5 2. Nf3 Nc6 3. Bb5 Bc5 4. c3 Nf6 5. O-O O-O 6. d3 d6 7. Nbd2 Bg4 8. h3
Bh5 9. Re1 Qe7 10. Nf1 Nd7 11. Ng3 Bg6 12. d4 Bb6 13. Nf5 Bxf5 14. exf5 f6 15.
Bc4+ Kh8 16. Nh4 g5 17. fxg6 f5 18. Bh6 Rg8 19. Nxf5 Qf6 20. g7+ Rxg7 21. Bxg7+
Qxg7 22. Nxg7 Kxg7 {Black resigns} 1-0

[Event "Team 45 45 League T49"]
[Site "Internet Chess Club"]
[Date "2011.05.15"]
[Round "1"]
[White "PandorasBox"]
[Black "bobhill"]
[Result "1-0"]
[WhiteElo "1952"]
[BlackElo "1940"]
[Opening "English: ultra-symmetrical variation"]
[ECO "A36"]
[Time "17:07:40"]
[TimeControl "2700+45"]

1. c4 c5 2. g3 Nc6 3. Bg2 g6 4. Nc3 Bg7 5. a3 Nf6 6. d3 O-O 7. Rb1 e6 8. e4 d6
9. Nge2 e5 10. O-O Be6 11. Bg5 h6 12. Bxf6 Bxf6 13. b4 b6 14. Nd5 Bg7 15. f4 Bg4
16. Bf3 Bxf3 17. Rxf3 exf4 18. Rxf4 Be5 19. Rf3 Qg5 20. b5 Nd4 21. Nxd4 Bxd4+
22. Kg2 Rae8 23. Qa4 Qd2+ 24. Kh1 g5 25. Qxa7 g4 26. Rf4 Qxd3 27. Rbf1 Re6 28.
Qd7 h5 29. Ne7+ Kh8 30. Nf5 Be5 31. Nh4 Bxf4 32. Rxf4 Qd1+ 33. Kg2 Qc2+ 34. Kg1
Qxc4 35. Qc6 Qd4+ 36. Kg2 Rf6 37. Nf5 Qb2+ 38. Rf2 Qxa3 39. e5 Re6 40. Nxd6 Qe3
41. Rxf7 Qe2+ 42. Kg1 Qe3+ 43. Kg2 Qh6 44. Qd5 Kg8 45. Rxf8+ Kxf8 46. Qa8+ Kg7
47. Nf5+ Kg6 48. Nxh6 Kxh6 49. Qd5 Rg6 50. e6 h4 51. gxh4 Rg7 52. e7 {Black
resigns} 1-0

[Event "Team 45 45 League T49"]
[Site "Internet Chess Club"]
[Date "2011.05.14"]
[Round "1"]
[White "bgolev"]
[Black "Deckfuel"]
[Result "0-1"]
[WhiteElo "1810"]
[BlackElo "1953"]
[Opening "Ruy Lopez: open (Tarrasch) defense"]
[ECO "C80"]
[Time "09:30:19"]
[TimeControl "2700+45"]

1. e4 e5 2. Nf3 Nc6 3. Bb5 a6 4. Ba4 Nf6 5. O-O Nxe4 6. Re1 Nc5 7. Nxe5 Nxe5 8.
Rxe5+ Be7 9. Bb3 Nxb3 10. axb3 O-O 11. d4 d5 12. Nc3 Be6 13. Qf3 Bf6 14. Rxd5
Bxd5 15. Nxd5 Bxd4 16. c3 c6 17. Nf4 Re8 18. Bd2 Be5 19. Be3 Qf6 20. Qg4 Bxf4
21. Bxf4 Re4 22. g3 Rae8 23. Qd7 Re2 24. Rf1 Qe7 25. Qd3 Rxb2 26. b4 Rd8 27. Qf3
Qe2 28. Qxe2 Rxe2 29. Be3 Rc2 30. Bd4 Rxd4 31. cxd4 Rc4 32. Re1 Kf8 {White
resigns} 0-1

[Event "Team 45 45 League T49"]
[Site "Internet Chess Club"]
[Date "2011.05.14"]
[Round "1"]
[White "zachi"]
[Black "Beetlejuice"]
[Result "0-1"]
[WhiteElo "1916"]
[BlackElo "1810"]
[Opening "Sicilian: closed"]
[ECO "B23"]
[Time "09:02:34"]
[TimeControl "2700+45"]

1. e4 c5 2. Nc3 a6 3. g3 b5 4. Bg2 Bb7 5. d3 e6 6. f4 d6 7. Nf3 h5 8. O-O Nc6 9.
d4 cxd4 10. Nxd4 Qc7 11. Be3 Nf6 12. h3 Na5 13. Qd3 Rc8 14. Ndxb5 axb5 15. Nxb5
Qc4 16. Bd2 Qxd3 17. cxd3 Nc6 18. a4 d5 19. Rfc1 Be7 20. a5 Ba6 21. Nd4 Nxd4 22.
Rxc8+ Bxc8 23. a6 O-O {White resigns} 0-1

[Event "Team 45 45 League T49"]
[Site "Internet Chess Club"]
[Date "2011.05.13"]
[Round "1"]
[White "Tjet"]
[Black "Meezer"]
[Result "1/2-1/2"]
[WhiteElo "1537"]
[BlackElo "1459"]
[Opening "English opening"]
[ECO "A10"]
[Time "19:01:40"]
[TimeControl "2700+45"]

1. c4 d5 2. cxd5 Qxd5 3. Nc3 Qa5 4. Qa4+ Qxa4 5. Nxa4 Bf5 6. Nc3 Nc6 7. e4 Bg6
8. a3 Nf6 9. Bd3 O-O-O 10. Bb1 e5 11. Nge2 Bc5 12. O-O h5 13. b4 Be7 14. f4 exf4
15. Nxf4 Bh7 16. Nfd5 Nxd5 17. Nxd5 Bf6 18. Nxf6 gxf6 19. Rxf6 Bg6 20. d3 Ne5
21. Bg5 Nxd3 22. Rxg6 fxg6 23. Bxd8 Rxd8 24. Bc2 Ne5 25. Rd1 {Game drawn by
mutual agreement} 1/2-1/2

[Event "Team 45 45 League T49"]
[Site "Internet Chess Club"]
[Date "2011.05.15"]
[Round "1"]
[White "ausya"]
[Black "alaskauk"]
[Result "0-1"]
[WhiteElo "1336"]
[BlackElo "1482"]
[Opening "Sicilian: Alapin's variation (2.c3)"]
[ECO "B22"]
[Time "09:00:36"]
[TimeControl "2700+45"]

1. e4 c5 2. c3 Nc6 3. d4 cxd4 4. cxd4 e6 5. Nf3 Nf6 6. Nc3 a6 7. Bg5 Be7 8. Bd3
Qa5 9. O-O O-O 10. Re1 Nxd4 11. Nxd4 Qxg5 12. Nf3 Qa5 13. Qd2 b5 14. e5 Ne8 15.
Qe3 Qc7 16. Qe4 g6 17. Nd4 Rb8 18. Re3 Bb7 19. Qf4 Ng7 20. Rh3 h5 21. g4 g5 22.
Qg3 h4 23. Qe3 f6 24. Rxh4 Qxe5 25. Bh7+ Kf7 26. Rh6 Rh8 27. Bg6+ Kg8 28. Qxe5
fxe5 29. Rxh8+ Kxh8 30. Nde2 Bf3 31. Ng3 Bxg4 32. Bd3 Nh5 33. Nge4 Bf5 34. Rd1
Rc8 35. Kg2 Nf4+ 36. Kf3 Nxd3 37. Rxd3 d5 38. Nxd5 g4+ 39. Ke3 exd5 40. Rxd5
Bxe4 41. Rxe5 Bf6 42. Rxe4 Bxb2 43. Rxg4 Re8+ 44. Kf3 Rf8+ 45. Kg3 Rg8 46. Rxg8+
Kxg8 47. h4 a5 48. f4 b4 49. Kf3 a4 50. Ke3 b3 51. axb3 a3 52. b4 a2 53. b5 a1=Q
54. Kd3 Bd4 55. Kc4 Qc3+ 56. Kd5 Qc5+ 57. Ke6 Qxb5 58. f5 Qe5+ 59. Kd7 Qxf5+ 60.
Kd6 Bc5+ 61. Kc6 Qe5 62. Kb5 Qd5 63. Ka5 Qb7 {White resigns} 0-1

[Event "Team 45 45 League T49"]
[Site "Internet Chess Club"]
[Date "2011.05.11"]
[Round "1"]
[White "JohLeb"]
[Black "lisalin2000"]
[Result "1-0"]
[WhiteElo "1450"]
[BlackElo "1349"]
[Opening "QGD"]
[ECO "D30"]
[Time "20:27:23"]
[TimeControl "2700+45"]

1. d4 d5 2. c4 e6 3. Nf3 Nf6 4. Bg5 Be7 5. Nc3 c6 6. e3 O-O 7. Bd3 h6 8. Bh4
dxc4 9. Bxc4 b5 10. Bb3 Na6 11. O-O b4 12. Ne2 Bb7 13. Qd3 c5 14. Bc2 Be4 15.
Qc4 Bxc2 16. Qxc2 cxd4 17. Rad1 Bc5 18. Nexd4 Bxd4 19. Rd2 Rc8 20. Qb1 Nc7 21.
Rxd4 Qe7 22. Rfd1 Rcd8 23. Ne5 Rxd4 24. Rxd4 Ncd5 25. Nc6 Qb7 26. Bxf6 Nxf6 27.
Nxb4 Rc8 28. h3 a5 29. Nd3 Nd5 30. a3 Nc3 31. Qe1 Qxb2 32. Nxb2 Nd5 33. Qxa5
Rc1+ 34. Kh2 Rb1 35. Nd3 Rb7 36. Qa8+ Kh7 37. Qxb7 {Black resigns} 1-0

[Event "Team 45 45 League T49"]
[Site "Internet Chess Club"]
[Date "2011.05.15"]
[Round "1"]
[White "Zyme"]
[Black "makramkozman"]
[Result "0-1"]
[WhiteElo "1329"]
[BlackElo "1534"]
[Opening "Modern defense"]
[ECO "A40"]
[Time "07:00:12"]
[TimeControl "2700+45"]

1. d4 g6 2. c4 Bg7 3. Nc3 c6 4. e4 d6 5. Nf3 Qc7 6. Be2 Nd7 7. Bf4 e5 8. dxe5
dxe5 9. Bg3 Ngf6 10. O-O O-O 11. Qc2 Re8 12. h3 Kh8 13. Rfd1 Nh5 14. Bh2 h6 15.
Rd2 Qb6 16. Rad1 Nc5 17. Kh1 a5 18. g4 Nf6 19. Nxe5 Nfxe4 20. Nxf7+ Kg8 21. Nd6
Nxf2+ 22. Kg2 Nxd1 23. Qxg6 Ne3+ 24. Kh1 Re7 25. Bd3 Nxd3 26. Rxd3 Qxb2 27. Rxe3
Rxe3 28. Nce4 Re1+ 29. Bg1 Rxe4 30. Nxe4 Bd7 31. g5 hxg5 32. Nxg5 Qf6 33. Qh7+
Kf8 34. Bc5+ Ke8 35. Qg8+ Bf8 36. Nh7 Qg7 37. Qxf8+ Qxf8 38. Nxf8 Bf5 39. Kh2
Rd8 {White resigns} 0-1

[Event "Team 45 45 League T49"]
[Site "Internet Chess Club"]
[Date "2011.05.15"]
[Round "1"]
[White "Zugzwanged"]
[Black "Esslinger"]
[Result "1-0"]
[WhiteElo "1561"]
[BlackElo "1363"]
[Opening "Scandinavian (center counter) defense"]
[ECO "B01"]
[Time "16:00:53"]
[TimeControl "2700+45"]

1. e4 d5 2. exd5 Qxd5 3. Nc3 Qd8 4. d4 Nf6 5. Bc4 Bf5 6. Nf3 e6 7. Nh4 Bg4 8. f3
Bh5 9. g4 Nxg4 10. Ng2 Nf6 11. Bf4 Bb4 12. Qd3 Bg6 13. Qd2 O-O 14. Nh4 Bh5 15.
O-O-O Nc6 16. Rhg1 g6 17. Bg5 Be7 18. Qf4 Nd5 19. Bxd5 exd5 20. Bxe7 Nxe7 21.
Qh6 Kh8 22. Rde1 Qd7 23. Re5 Rg8 24. Qg5 Nc6 25. Qf6+ Rg7 26. Rxh5 {Black
resigns} 1-0